 Dungeon Crawl Stone Soup version 0.24-a0-789-g35933f4585 (webtiles) character file.

Game seed: 11881360417892148374, levelgen mode: deterministic

56 Kohma the Skirmisher (level 3, -5/24 HPs)
             Began as a Gargoyle Fighter on Oct 10, 2019.
             Slain by Natasha (6 damage)
             ... on level 2 of the Dungeon.
             The game lasted 00:02:20 (1364 turns).

Kohma the Skirmisher (Gargoyle Fighter)             Turns: 1364, Time: 00:02:21

Health: -5/24      AC:  9    Str: 25    XL:     3   Next: 95%
Magic:  3/3        EV:  8    Int:  8    God:
Gold:   100        SH:  9    Dex:  9    Spells: 2/2 levels left

rFire    . . .     SeeInvis .   a - +0 flail
rCold    . . .     Gourm    .   c - +0 shield
rNeg     + . .     Faith    .   p - +0 ring mail (curse)
rPois    ∞         Spirit   .   (no helmet)
rElec    +         Reflect  .   (no cloak)
rCorr    .         Harm     .   (no gloves)
MR       .....                  (no boots)
Stlth    ..........             (no amulet)
HPRegen  0.08/turn              (no ring)
MPRegen  0.08/turn              (no ring)

@: mighty
A: negative energy resistance 1, electricity resistance, unbreathing,
petrification resistance, rot immunity, AC +3
a: no special abilities


You were on level 2 of the Dungeon.
You were hungry.

You visited 1 branch of the dungeon, and saw 2 of its levels.

You collected 100 gold pieces.

Inventory:

Hand Weapons
 a - a +0 flail (weapon)
Missiles
 e - 32 sling bullets
 h - 7 boomerangs (quivered)
Armour
 b - a +0 scale mail
 c - a +0 shield (worn)
 p - a cursed +0 ring mail (worn)
Scrolls
 g - a scroll of immolation {unknown}
 i - a scroll of enchant armour {unknown}
 k - a scroll of enchant weapon {unknown}
 n - 2 scrolls of identify {unknown}
 o - 2 scrolls of blinking {unknown}
 q - a scroll of amnesia {unknown}
Potions
 d - a potion of might
 j - a potion of berserk rage {unknown}
 l - a potion of flight {unknown}
Comestibles
 f - 5 rations
 m - 5 chunks of flesh


   Skills:
 + Level 3.8 Fighting
 * Level 2.9 Maces & Flails
 - Level 3.6 Armour
 + Level 3.8 Shields


You had 2 spell levels left.
You didn't know any spells.
Your spell library was empty.

Dungeon Overview and Level Annotations

Branches:
Dungeon (2/15)

Altars:
Yredelemnul

Annotations:
D:2 Natasha


Innate Abilities, Weirdness & Mutations

You are resistant to torment.
Your stone body is resilient. (AC +3)
You are immune to poison.
You resist negative energy. (rN+)
You are resistant to electric shocks. (rElec)
You can survive without breathing.
You are immune to petrification.
You are immune to rotting.


Message History

You closely miss Natasha. You block the crimson imp's attack.
You block Natasha's attack.
You thump Natasha!
Natasha is severely wounded.
The crimson imp hits you but does no damage.
You block Natasha's attack.
The crimson imp hits you but does no damage.
You hit Natasha.
Natasha is severely wounded.
Natasha claws you.
* * * LOW HITPOINT WARNING * * *
The crimson imp blinks!
Natasha mumbles some strange words.
You hit Natasha.
Natasha is almost dead.
Natasha claws you.
* * * LOW HITPOINT WARNING * * *
You feel very mighty all of a sudden. Natasha claws you.
You die...

#.....##..####.#.. #..## #..#
#.... #..# ##..# ###.. ≈≈≈≈≈
#..####...######.. ≈≈≈≈≈
###..##......<...... ≈.≈≈
#.......#..######### #≈≈
#.#..5..#..######### ##.
##.####5##.##...........##
#...#...#..bh@.##.............
............#####(............
...)........# #..#######.#.#
...................# ####.###.
...........#######.# #...## ##
#...#...#..# #.# #.##.###. ##.
##.##### #.# #.###.#.# #≈ #≈≈
#.# #.# ##.## . ≈.≈≈ #.# #.##


You could see Natasha, a crimson imp, a white imp and a bat.

Vanquished Creatures
  A gnoll (D:1)
  2 adders (D:2)
  A worm (D:2)
  A dart slug (D:1)
  3 leopard geckos
  2 goblins (D:1)
  3 hobgoblins
  2 ball pythons (D:1)
  3 bats
  2 frilled lizards (D:1)
  A kobold (D:2)
  2 rats (D:1)
23 creatures vanquished.

Notes
Turn   | Place    | Note
-------+----------+-------------------------------------------
     0 | D:1      | Kohma the Gargoyle Fighter began the quest for the Orb.
     0 | D:1      | Reached XP level 1. HP: 14/14 MP: 1/1
    84 | D:1      | Reached XP level 2. HP: 12/19 MP: 2/2
  1010 | D:1      | Reached XP level 3. HP: 24/24 MP: 3/3
  1077 | D:2      | Found a basalt altar of Yredelemnul.
  1334 | D:2      | Noticed Natasha
  1363 | D:2      | HP: 1/24 [Natasha (3)]
  1364 | D:2      | Slain by Natasha

Levels and vault maps discovered:
D:1:      erik_arrival_triangle_small, layout_loops_corners
D:2:      wad_lake_hut, layout_loops_ring, lemuel_crystal_altar, uniq_natasha

Action                   || total
-------------------------++-------
Melee: Flail             ||   114
Throw: Boomerang         ||     2
  Use: Potion            ||     1
  Eat: Chunk             ||     1
Armor: Scale mail        ||    29
       Ring mail         ||    34
Dodge: Dodged            ||    38
Block: Shield            ||    63

Table legend:
 A = Non-vault XP
 B = Vault XP
 C = Vault XP percentage of total XP
 D = Non-vault monster count
 E = Vault monster count
 F = Vault count percentage of total count
                 A         B        C        D         E       F
            +---------+---------+-------+---------+---------+-------
      Total |      80 |       0 |   0.0 |      23 |       0 |   0.0
            +---------+---------+-------+---------+---------+-------
        D:1 |      36 |       0 |   0.0 |      14 |       0 |   0.0
        D:2 |      44 |       0 |   0.0 |       9 |       0 |   0.0
            +---------+---------+-------+---------+---------+-------
